cohdb
Replays
Latest Replays
All Replays
Popular Replays
Top Player Replays
Match Explorer
How It Works
Community
CoH3 Stats
Reddit
Sign in to upload your games and track your stats! →
Sign in with Steam
Match 45993100
Unlisted
Match 45993100
Overview
Messages
Build Orders
End
Kradschützen Motorcycle Team
Panzergrenadier Squad
Panzergrenadier Squad
Panzergrenadier Squad
Construct Light Support Kompanie
Fire Support Elements
Assault Mechanized Group
Flakvierling Half-track
Panzerjäger Squad
Vehicle Survival Package
Selects Panzerjäger Kommand Battlegroup
Selects Mine Fields
Selects Defensive Positions
Selects Tank Busters
Construct Mechanized Kompanie
Selects Crew Shock Tactics
Marder III Tank Destroyer
StuG III D Assault Gun
Crew Shock Tactics
Marder III Tank Destroyer
Selects Anti-tank Overwatch
StuG III D Assault Gun
T.R. Olvadi
Nico-Nico-Nii~~
Ted 'Seaman' Silk
Thomas Smooth
0
0
Comments
sign in to comment!
No comments posted yet!